 Dungeon Crawl Stone Soup version 0.23.2-1-ga50397a (webtiles) character file.

Game seed: 10456848913088340383

178 diana the Skirmisher (level 5, -1/47 HPs)
             Began as a Minotaur Fighter on May 25, 2019.
             Killed from afar by an orc wizard (11 damage)
             ... with a puff of flame
             ... on level 4 of the Dungeon.
             The game lasted 00:02:50 (3004 turns).

diana the Skirmisher (Minotaur Fighter)             Turns: 3004, Time: 00:02:51

Health: -1/47      AC: 11    Str: 22    XL:     5   Next: 32%
Magic:  4/4        EV:  7    Int:  5    God:
Gold:   111        SH:  9    Dex:  9    Spells: 4/4 levels left

rFire    . . .     SeeInvis .   a - +0 war axe
rCold    . . .     Gourm    .   c - +0 shield
rNeg     . . .     Faith    .   b - +0 scale mail
rPois    .         Spirit   .   (helmet restricted)
rElec    .         Reflect  .   g - +0 cloak
rCorr    .         Harm     .   r - +0 pair of gloves
MR       .....                  l - +1 pair of boots
Stlth    ..........             (no amulet)
HPRegen  0.15/turn              (no ring)
MPRegen  0.09/turn              (no ring)

@: no status effects
A: retaliatory headbutt, horns 2
a: no special abilities


You were on level 4 of the Dungeon.
You were not hungry.

You visited 1 branch of the dungeon, and saw 4 of its levels.

You collected 111 gold pieces.

Inventory:

Hand Weapons
 a - a +0 war axe (weapon)
Armour
 b - a +0 scale mail (worn)
 c - a +0 shield (worn)
 g - a +0 cloak (worn)
 l - a +1 pair of boots (worn)
 r - a +0 pair of gloves (worn)
Jewellery
 p - a +5 ring of protection {unknown}
 t - a cursed ring of attention {unknown}
 y - an uncursed ring of protection from magic {unknown}
Wands
 w - a wand of polymorph (7)
Scrolls
 h - 3 scrolls of amnesia {unknown}
 j - a scroll of random uselessness {unknown}
 k - 3 scrolls of identify {unknown}
 n - a scroll of remove curse {unknown}
 v - a scroll of teleportation {unknown}
 z - a scroll of blinking {unknown}
Potions
 d - 2 potions of might
 e - 2 potions of cancellation {unknown}
 i - a potion of berserk rage {unknown}
 m - 2 potions of lignification {unknown}
 o - a potion of flight {unknown}
 q - a potion of heal wounds {unknown}
 s - a potion of curing {unknown}
 u - a potion of agility {unknown}
 x - 2 potions of degeneration {unknown}
Comestibles
 f - 5 rations
 A - a chunk of flesh


   Skills:
 + Level 4.8 Fighting
 + Level 4.0 Axes
 + Level 4.7 Armour
 + Level 4.8 Shields


You had 4 spell levels left.
You didn't know any spells.
Your spell library was empty.

Dungeon Overview and Level Annotations

Branches:
Dungeon (4/15)
 Temple: D:4-7

Altars:
Cheibriados
Hepliaklqana


Innate Abilities, Weirdness & Mutations

You reflexively headbutt those who attack you in melee.
You have a pair of horns on your head.


Message History

* * * LOW HITPOINT WARNING * * *
Something hits you but does no damage.
Unknown command.
You barely miss something. Your headbutt misses something. You hit something.
Something hits you but does no damage. x2; You block something's attack.
Something hits you.
* * * LOW HITPOINT WARNING * * *
Unknown command.
You miss something. You closely miss something.
You hear some strange, mumbled words.
A puff of flame appears from out of thin air!
The puff of flame hits you but does no damage.
You block something's attack. Something hits you but does no damage.
Unknown command.
You hit something. Your headbutt misses something. You closely miss something.
Something hits you but does no damage. x2
You hear some strange, mumbled words.
A puff of flame appears from out of thin air!
The puff of flame hits you!
You die...

#.# #.# ### #.### ..#
#.... #.# ##### ..' #o#
# #{#
#.#.#.#@################
......{((.......>.......
###.#.#.#######.########
#.#.. #.# #
#...#####.#####
#.............#
#...#####.###.#
#########.###.#
..........#.#


You could see an orc.

Vanquished Creatures
  An iguana (D:4)
  An orc wizard (D:4)
  A worker ant (D:4)
  4 adders
  2 dart slugs
  2 leopard geckos
  6 orcs (D:4)
  5 giant cockroaches
  4 goblins
  5 hobgoblins
  8 jackals
  7 kobolds
  A quokka (D:3)
  2 bats (D:3)
  3 rats
52 creatures vanquished.

Notes
Turn   | Place    | Note
-------+----------+-------------------------------------------
     0 | D:1      | diana the Minotaur Fighter began the quest for the Orb.
     0 | D:1      | Reached XP level 1. HP: 19/19 MP: 0/0
   355 | D:1      | Reached XP level 2. HP: 22/27 MP: 1/1
   812 | D:2      | Reached XP level 3. HP: 32/33 MP: 2/2
  1854 | D:3      | Found a faded altar of an unknown god.
  1963 | D:3      | Found a hazy altar of Hepliaklqana.
  2393 | D:4      | Reached XP level 4. HP: 30/41 MP: 3/3
  2831 | D:4      | Found a snail-covered altar of Cheibriados.
  2880 | D:4      | Reached XP level 5. HP: 43/47 MP: 4/4
  3004 | D:4      | Killed from afar by an orc wizard

Skill      XL: |  1  2  3  4  5 |
---------------+----------------+-----
Fighting       | 4 |  4.8
Armour         | 4 |  4.7
Shields        | 4 |  4.8
Axes           | 3 4 |  4.0

Action                   |  1- 3 |  4- 6 || total
-------------------------+-------+-------++-------
Melee: War axe           |   105 |    62 ||   167
       Headbutt          |    12 |     8 ||    20
  Eat: Ration            |     1 |       ||     1
       Chunk             |       |     3 ||     3
Armor: Scale mail        |    55 |    51 ||   106
Dodge: Dodged            |    34 |    13 ||    47
Block: Shield            |    66 |    30 ||    96
